 Dungeon Crawl Stone Soup version 0.28-a0-247-gb8bfbab023 (webtiles) character file.

Game seed: 1372316637336122762

5226 robertstho the Thaumaturge (level 10, -7/70 HPs)
             Began as a Djinni Fire Elementalist on Aug 25, 2021.
             Was an Initiate of Gozag.
             Mangled by a wolf (9 damage)
             ... led by Grum
             ... on level 8 of the Dungeon.
             The game lasted 00:13:45 (10587 turns).

robertstho the Thaumaturge (DjFE)                  Turns: 10587, Time: 00:13:46

Health: -7/70      AC:  1    Str:  7    XL:     10   Next: 92%
Gold:   384        EV: 13    Int: 21    God:    Gozag SH:  0 Dex: 13

rFire   + + +      SeeInvis .   j - +1 dagger (venom)
rCold   . . .      Faith    .   (no shield)
rNeg    + . .      Spirit   .   a - +0 robe
rPois   ∞          Reflect  .   s - -2 hat of the Alchemist {rElec rPois rF+ rC+ rN+ Will+ rMut rCorr}
rElec   +          Harm     .   (no cloak)
rCorr   +          Rampage  .   v - +0 pair of gloves
rMut    +                       (boots unavailable)
Will    ++...                   (no amulet)
Stlth   +++.......              (no ring)
HPRegen 0.21/turn               (no ring)
MPRegen 0.00/turn

@: flying
A: sickness immunity, fire resistance 2, cold vulnerability 1, float, innate
caster, hp casting, extra vitality 1
a: Renounce Religion, Potion Petition, Call Merchant, Bribe Branch


You were on level 8 of the Dungeon.
You worshipped Gozag.
Gozag was aware of your devotion.
You visited 2 branches of the dungeon, and saw 9 of its levels.

You collected 538 gold pieces.
You paid 154 gold pieces to Gozag.

Inventory:

Hand Weapons
 c - a +0 short sword
 h - a +2 dagger of draining
 j - a +1 dagger of venom (weapon)
 k - a +6 dagger
 r - a +2 dagger of protection
Missiles
 A - 3 throwing nets
Armour
 a - a +0 robe (worn)
 i - a +0 helmet
 s - the -2 hat of the Alchemist (worn) {rElec rPois rF+ rC+ rN+ Will+ rMut rCorr}
   (You found it on level 5 of the Dungeon)

   rF:        It protects you from fire.
   rC:        It protects you from cold.
   rElec:     It insulates you from electricity.
   rPois:     It protects you from poison.
   rN:        It protects you from negative energy.
   rCorr:     It protects you from acid and corrosion.
   rMut:      It protects you from mutation.
   Will:      It increases your willpower.
 v - a +0 pair of gloves (worn)
Wands
 g - a wand of flame (10)
 y - a wand of iceblast (7)
 B - a wand of paralysis (14)
Scrolls
 b - a scroll of enchant armour
 d - a scroll of immolation
 f - 2 scrolls of teleportation
 n - 2 scrolls of torment
 p - 5 scrolls of magic mapping
 t - a scroll of enchant weapon
 w - a scroll of fear
Potions
 e - 3 potions of haste
 l - a potion of berserk rage
 o - a potion of might
 u - a potion of flight {unknown}
 x - a potion of degeneration {unknown}
 z - a potion of attraction {unknown}
 C - a potion of cancellation {unknown}


   Skills:
 * Level 5.1 Fighting
 + Level 2.7 Short Blades
 + Level 4.7 Dodging
 + Level 4.2 Stealth
 * Level 10.2 Spellcasting
 + Level 0.2 Evocations


You had 5 spell levels left.
You knew the following spells:

 Your Spells              Type           Power      Damage    Failure   Level
a - Foxfire               Conj/Fire      100%       2x1d9     1%          1
b - Conjure Flame         Conj/Fire      52%        6-21      1%          3
c - Inner Flame           Hex/Fire       52%        N/A       1%          3
d - Sticky Flame          Conj/Fire      52%        2d7       1%          4
e - Fireball              Conj/Fire      26%        3d12      2%          5
f - Shock                 Conj/Air       100%       1d9       1%          1
g - Passwall              Tmut/Erth      43%        N/A       1%          2
h - Call Imp              Summ           52%        N/A       1%          2
i - Portal Projectile     Hex/Tloc       100%       N/A       1%          3
Your spell library was empty.

Dungeon Overview and Level Annotations

Branches:
Dungeon (8/15)             Temple (1/1) D:4
   Lair: D:8-11

Altars:
Ashenzari
Cheibriados
Dithmenos
Elyvilon
Fedhas
Gozag
Kikubaaqudgha
Makhleb
Nemelex Xobeh
Okawaru
Qazlal
Sif Muna
Trog
Uskayaw
Vehumet
Xom
Yredelemnul
Zin
The Shining One

Shops:
D:7 (

Portals:
Bailey: D:8

Annotations:
D:3 1 runed translucent door, ClownBaby's ghost, amateur DDFi
D:8 Grum


Innate Abilities, Weirdness & Mutations

You are immune to sickness and miasma.
You are immune to poison.
Your flesh is very heat resistant. (rF++)
You are vulnerable to cold. (rC-)
You float through the air rather than walking.
You learn spells naturally, not from books.
Your magical power is your life essence.
You have superior vitality. (+4 HP)


Message History

The wolf howls!
* * * LOW HITPOINT WARNING * * *
You hear a howl!
You hear a bellow! x2; You hear a shout!
Unknown command.
Casting: Fireball (dangerous; 2% risk of failure)
Confirm with . or Enter, or press ? or * to list all spells.
Aiming: Fireball (dangerous; 2% risk of failure)
Press: ? - help, Shift-Dir - straight line The fireball explodes!
The fireball engulfs the wolf!!
You kill the wolf!
* * * LOW HITPOINT WARNING * * *
You hear a bellow! x2
Unknown command.
Unknown command.
You need at least 400 gold to purchase potions right now!
You start resting.
You hear the steady creaking of a portcullis nearby.
You feel better.
You now have 368 gold pieces (gained 24).
B - a wand of paralysis (14) (gained 9 charges)
Items here: ( )) [.
You now have 384 gold pieces (gained 16).
Things that are here:
13 arrows; a +0 shortbow A wolf comes into view.
The wolf howls!
You hear a howl!
You hear a shout!
You hear a bellow!
A wolf and Grum come into view.
Grum moves out of view.
There is a stone staircase leading up here.
The yak bellows!
You hear a shout!
The wolf misses you. The wolf bites you!
* * * LOW HITPOINT WARNING * * *
The wolf misses you. The wolf barely misses you. The wolf bites you!
* * * LOW HITPOINT WARNING * * *
The wolf bites you!
You die...
Your body crumbles into a pile of gold.

#...#.....[.......##.
#.. #.#..##.#.......#
### #.#(....#.......#
....###.#.....#.......#
............#.#.......#
....###.###.#.#.......#
........# ..#.#.......#
....##hh#...#.#........
.. #.@# .. #......## $
#....# # #......#
##.#.# #......# #.#.#
#......# #.# # #......#
#.# #.# ...


You could see 2 wolves.

Vanquished Creatures
  Harold (D:7)
  Pikel (D:6)
  Joseph (D:8)
  Grinder (D:6)
  Sigmund (D:3)
  2 yaks (D:8)
  Eustachio (D:6)
  An orc warrior (D:7)
  2 ice beasts
  A sky beast (D:6)
  2 black bears (D:7)
  3 necrophages
  A wolf (D:8)
  2 ogres
  3 centaurs
  3 bullfrogs
  A water moccasin zombie (D:5)
  A scorpion (D:5)
  A water moccasin skeleton (D:5)
  6 killer bees (D:7)
  2 centaur zombies
  3 jellies
  2 orc priests
  A bullfrog skeleton (D:6)
  A centaur skeleton (D:4)
  5 hounds
  3 iguanas
  Jessica (D:2)
  2 orc wizards
  A hound skeleton (D:4)
  Robin (D:2)
  6 adders
  An ufetubus (D:3)
  4 worms
  3 dart slugs
  17 orcs
  5 ball pythons
  6 bats
  5 endoplasms
  8 giant cockroaches
  11 goblins
  13 hobgoblins
  4 jackals (D:1)
  5 kobolds
  A quokka (D:3)
  3 frilled lizards
  3 rats (D:2)
152 creatures vanquished.

Vanquished Creatures (others)
  558 foxfires
  A fungus (D:8)
559 creatures vanquished.

Grand Total: 711 creatures vanquished

Notes
Turn   | Place    | Note
-------+----------+-------------------------------------------
     0 | D:1      | robertstho the Djinni Fire Elementalist began the quest for
                  | the Orb.
     0 | D:1      | Reached XP level 1. HP: 15/15 MP: 0/0
   195 | D:1      | Reached XP level 2. HP: 9/21 MP: 0/0
   618 | D:1      | Reached skill level 3 in Spellcasting
   626 | D:1      | Reached XP level 3. HP: 19/25 MP: 0/0
   626 | D:1      | Learned a level 1 spell: Shock
   942 | D:1      | You are sucked into a shaft and drop 1 floor!
  1411 | D:2      | Found a glowing golden altar of the Shining One.
  1413 | D:2      | Noticed Jessica
  1421 | D:2      | Reached XP level 4. HP: 24/31 MP: 0/0
  1426 | D:2      | Killed Jessica
  1429 | D:2      | Reached skill level 1 in Fighting
  1714 | D:2      | Noticed Robin
  1725 | D:2      | Killed Robin
  1726 | D:2      | Reached XP level 5. HP: 25/37 MP: 0/0
  1726 | D:2      | Learned a level 2 spell: Passwall
  2159 | D:2      | Reached skill level 4 in Spellcasting
  3209 | D:3      | Found a runed translucent door.
  3212 | D:3      | Noticed ClownBaby's ghost (amateur DDFi)
  3723 | D:3      | Noticed Sigmund
  3731 | D:3      | Killed Sigmund
  3732 | D:3      | Reached XP level 6. HP: 22/43 MP: 0/0
  4148 | D:3      | Found a faded altar of an unknown god.
  4609 | D:4      | Reached XP level 7. HP: 44/49 MP: 0/0
  4609 | D:4      | Learned a level 2 spell: Call Imp
  4784 | D:4      | Reached skill level 1 in Short Blades
  4871 | D:4      | Found a staircase to the Ecumenical Temple.
  4911 | Temple   | Entered the Ecumenical Temple
  5249 | D:4      | Reached skill level 5 in Spellcasting
  5716 | D:4      | Found a blossoming altar of Fedhas.
  5752 | D:5      | Entered Level 5 of the Dungeon
  5848 | D:5      | Reached XP level 8. HP: 52/55 MP: 0/0
  5943 | D:5      | Found the -2 hat of the Alchemist {rElec rPois rF+ rC+ rN+
                  | Will+ rMut rCorr}
  6178 | D:5      | Reached skill level 6 in Spellcasting
  7038 | D:6      | Reached XP level 9. HP: 59/61 MP: 0/0
  7038 | D:6      | Learned a level 3 spell: Portal Projectile
  7049 | D:6      | Noticed Pikel
  7058 | D:6      | Killed Pikel
  7059 | D:6      | Reached skill level 7 in Spellcasting
  7085 | D:6      | Noticed Grinder
  7092 | D:6      | Killed Grinder
  7222 | D:6      | Reached skill level 8 in Spellcasting
  7284 | D:6      | Found a basalt altar of Yredelemnul.
  7333 | D:6      | Noticed Eustachio
  7342 | D:6      | Killed Eustachio
  7687 | D:6      | Reached XP level 10. HP: 50/69 MP: 0/0
  8320 | D:6      | Found a white marble altar of Elyvilon.
  8505 | D:7      | Found Yrunid's Weapon Shop.
  8523 | D:7      | Noticed Harold
  8528 | D:7      | Killed Harold
  8529 | D:7      | Reached skill level 9 in Spellcasting
  9192 | D:7      | Found a glowing silver altar of Zin.
 10093 | D:7      | Found an iron altar of Okawaru.
 10144 | D:7      | Found a sparkling altar of Nemelex Xobeh.
 10144 | D:7      | Found an opulent altar of Gozag.
 10234 | D:7      | Became a worshipper of Gozag Ym Sagoz the Greedy
 10263 | D:8      | Noticed Joseph
 10263 | D:8      | Found a flagged portal.
 10268 | D:8      | Killed Joseph
 10269 | D:8      | Reached skill level 5 in Fighting
 10522 | D:8      | Reached skill level 10 in Spellcasting
 10577 | D:8      | Noticed Grum
 10586 | D:8      | HP: 1/70 [wolf[Grum] (7)]
 10587 | D:8      | Mangled by a wolf

Illustrated notes

Levels and vault maps discovered:
D:1:      minmay_arrival_checkered_box, layout_basic, chequers_jeans
D:2:      minmay_door_path, layout_basic, serial_corexii_hall,
          corexii_hall_statues_i, corexii_hall_statues_x, basic_altar,
          minmay_misc_feat_doors, minmay_hexomino_f4, uniq_jessica, uniq_robin
D:3:      layout_loops_corners, ebering_ghost_reflecting_pool,
          chequers_ecumenical_altar_grove, minivault_25, uniq_sigmund,
          uniq_crazy_yiuf_cottage
D:4:      wander_river, layout_cave_pools, kennysheep_mini_moat,
          minmay_temple_entry_mist
D:5:      layout_loops_cross
D:6:      layout_cave_pods, kennysheep_ying_yang, uniq_grinder, uniq_eustachio,
          uniq_pikel
D:7:      layout_basic, grunt_temple_overflow_opulence, amcnicky_altar_gilded,
          okawaru_trees_1, serial_shops, shop, minmay_holes,
          hangedman_decor_lopped, uniq_harold
D:8:      layout_basic, mainiacjoe_overflow_cross_hatched,
          beargit_hepliaklqana_dungeon_heroes, enter_bailey_5, uniq_grum,
          uniq_joseph
Temple:   hc_temple_tempest_star

Skill      XL: |  1  2  3  4  5  6  7  8  9 10 |
---------------+-------------------------------+-----
Spellcasting   | 3 4 5 6 8 10 | 10.2
Fighting       | 1 2 3 4 5 |  5.1
Stealth        | 2 3 4 |  4.2
Dodging        | 3 4 |  4.7
Short Blades   | 1 2 |  2.7
Evocations     | |  0.2

Action                   |  1- 3 |  4- 6 |  7- 9 | 10-12 || total
-------------------------+-------+-------+-------+-------++-------
Melee: Unarmed           |     1 |       |       |       ||     1
       Dagger            |       |    73 |    26 |     8 ||   107
 Cast: Foxfire           |    67 |    85 |   154 |    31 ||   337
       Sticky Flame      |       |       |    13 |    13 ||    26
       Fireball          |       |       |     1 |    24 ||    25
       Conjure Flame     |       |       |       |     1 ||     1
Evoke: Wand              |       |       |       |     2 ||     2
  Use: Scroll            |       |     6 |     2 |     3 ||    11
       Potion            |       |       |       |     4 ||     4
 Stab: Sleeping          |       |     5 |     1 |       ||     6
Armor: Robe              |     2 |    22 |     2 |     1 ||    27
Dodge: Dodged            |     7 |    52 |    29 |    33 ||   121

Table legend: (Time is in decaauts)
 A = Elapsed time spent in this place.
 B = Non-inter-level travel time spent in this place.
 C = Inter-level travel time spent in this place.
 D = Time resting spent in this place.
 E = Time spent auto-exploring this place.
 F = Levels seen in this place.
 G = Mean time per level.
                   A        B        C        D        E       F      G
               +--------+--------+--------+--------+--------+-----+--------+
         Total |  10584 |  10199 |    385 |    949 |   8093 |   9 | 1176.0 |
       Dungeon |  10253 |   9901 |    352 |    949 |   7808 |   8 | 1281.6 |
        Temple |    330 |    297 |     33 |      0 |    285 |   1 |  330.0 |
               +--------+--------+--------+--------+--------+-----+--------+

Top non-repeatable levels by time:
     D:3: 1999 daAuts
     D:6: 1952 daAuts
     D:2: 1616 daAuts
     D:7: 1550 daAuts
     D:5: 1248 daAuts
     D:1: 941 daAuts
     D:4: 861 daAuts
  Temple: 330 daAuts
     D:8: 83 daAuts
